 Dungeon Crawl Stone Soup version 0.27-a0-1612-gde56a17b89 (webtiles) character file.

Game seed: 9386159412201152993

32 MovingMist the Skirmisher (level 3, -3/23 HPs)
             Began as a Gargoyle Fighter on July 21, 2021.
             Slain by Natasha (6 damage)
             ... on level 2 of the Dungeon.
             The game lasted 00:01:51 (1161 turns).

MovingMist the Skirmisher (Gargoyle Fighter)        Turns: 1161, Time: 00:01:51

Health: -3/23      AC: 10    Str: 19    XL:     3   Next: 27%
Magic:  3/3        EV:  7    Int:  8    God:
Gold:   83         SH:  9    Dex: 10    Spells: 2/2 levels left

rFire    . . .     SeeInvis .   a - +0 flail
rCold    . . .     Faith    .   c - +0 kite shield
rNeg     + . .     Spirit   .   b - +0 scale mail
rPois    ∞         Reflect  .   (no helmet)
rElec    +         Harm     .   (no cloak)
rCorr    .         Rampage  .   (no gloves)
Will     .....                  (no boots)
Stlth    ..........             (no amulet)
HPRegen  0.07/turn              (no ring)
MPRegen  0.08/turn              (no ring)

@: no status effects
A: sickness immunity, AC +3, negative energy resistance 1, electricity
resistance, torment resistance 1, petrification resistance
a: no special abilities


You were on level 2 of the Dungeon.
You visited 1 branch of the dungeon, and saw 2 of its levels.

You collected 83 gold pieces.

Inventory:

Hand Weapons
 a - a +0 flail (weapon)
Missiles
 g - a throwing net (quivered)
Armour
 b - a +0 scale mail (worn)
 c - a +0 kite shield (worn)
Scrolls
 e - 2 scrolls of identify {unknown}
Potions
 d - a potion of might
 f - a potion of resistance {unknown}
 h - a potion of haste {unknown}


   Skills:
 + Level 3.6 Fighting
 + Level 2.3 Maces & Flails
 + Level 3.6 Armour
 * Level 1.3 Dodging
 - Level 3.2 Shields


You had 2 spell levels left.
You didn't know any spells.
Your spell library was empty.

Dungeon Overview and Level Annotations

Branches:
Dungeon (2/15)

Altars:

Shops:
D:1 [   D:2 [

Annotations:
D:2 Natasha


Innate Abilities, Weirdness & Mutations

You are immune to sickness and miasma.
Your stone body is resilient. (AC +3)
You are immune to poison.
You resist negative energy. (rN+)
You are resistant to electric shocks. (rElec)
You are resistant to unholy torment.
You are immune to petrification.


Message History

You closely miss the kobold.
The kobold is severely wounded.
The kobold hits you but does no damage.
You miss the kobold.
The kobold is severely wounded.
The kobold closely misses you.
The kobold hits you with a +0 short sword.
You hit the kobold.
You kill the kobold!
No target in view!
Things that are here:
a +0 short sword; 4 stones You start resting.
HP restored.
h - an amethyst potion Natasha, Servant of Life and Death comes into view.
Natasha hisses angrily.
Natasha casts a spell.
You block the shadow imp's attack.
You closely miss Natasha. You block Natasha's attack.
The shadow imp hits you but does no damage.
Natasha claws you but does no damage.
You barely miss Natasha. The shadow imp hits you.
Natasha claws you but does no damage. The shadow imp hits you.
You hit Natasha.
Natasha is moderately wounded.
Natasha claws you. You block the shadow imp's attack.
Natasha stares at you and mumbles some strange words.
You resist with significant effort.
You hit Natasha but do no damage.
Natasha is moderately wounded.
The shadow imp gestures at you. Pain shoots through your body!
You block Natasha's attack. You block the shadow imp's attack.
Natasha closely misses you.
You closely miss Natasha.
Natasha is moderately wounded.
The shadow imp hits you.
* * * LOW HITPOINT WARNING * * *
Natasha claws you.
You die...

.### . ...# ..
#..# ...###..#
.........
........#
......h5# #.# #@#
#.# #####.# #.#
#.....# #.#
#.##### #.# #.#
#.# ##.## #.#
##...# ###.#
##)#.#.##
....#####.........


You could see Natasha and a shadow imp (summoned).

Vanquished Creatures
  A ball python (D:1)
  5 endoplasms (D:1)
  5 giant cockroaches (D:1)
  A goblin (D:1)
  A hobgoblin (D:1)
  2 jackals (D:1)
  4 kobolds
  A quokka (D:1)
  4 bats (D:1)
  2 frilled lizards (D:1)
  2 rats (D:1)
28 creatures vanquished.

Notes
Turn   | Place    | Note
-------+----------+-------------------------------------------
     0 | D:1      | MovingMist the Gargoyle Fighter began the quest for the
                  | Orb.
     0 | D:1      | Reached XP level 1. HP: 14/14 MP: 1/1
   113 | D:1      | Reached XP level 2. HP: 14/19 MP: 2/2
   327 | D:1      | Reached skill level 1 in Dodging
   467 | D:1      | Reached XP level 3. HP: 23/23 MP: 3/3
   475 | D:1      | Found Nusol's Armour Emporium.
  1020 | D:2      | Found Jotestra's Antique Armour Shoppe.
  1154 | D:2      | Noticed Natasha
  1161 | D:2      | Slain by Natasha

Illustrated notes

Levels and vault maps discovered:
D:1:      eino_arrival_cavern_a, layout_basic, serial_shops,
          nicolae_diamond_shop, minmay_misc_feat_encased
D:2:      layout_loops_ring, serial_shops, nicolae_shop_waterfront,
          kennysheep_cross_room, uniq_terence, uniq_natasha

Skill      XL: |  1  2 |
---------------+-------+-----
Dodging        | 1 |  1.3
Fighting       | |  3.6
Maces & Flails | |  2.3
Armour         | |  3.6
Shields        | |  3.2

Action                   || total
-------------------------++-------
Melee: Flail             ||    99
Armor: Scale mail        ||    54
Dodge: Dodged            ||    39
Block: Kite shield       ||    63

Table legend: (Time is in decaauts)
 A = Elapsed time spent in this place.
 B = Non-inter-level travel time spent in this place.
 C = Inter-level travel time spent in this place.
 D = Time resting spent in this place.
 E = Time spent auto-exploring this place.
 F = Levels seen in this place.
 G = Mean time per level.
                   A        B        C        D        E       F      G
               +--------+--------+--------+--------+--------+-----+--------+
         Total |   1212 |   1201 |     11 |     70 |    887 |   2 |  606.0 |
       Dungeon |   1212 |   1201 |     11 |     70 |    887 |   2 |  606.0 |
               +--------+--------+--------+--------+--------+-----+--------+

Top non-repeatable levels by time:
     D:1: 1055 daAuts
     D:2: 156 daAuts
